 Dungeon Crawl Stone Soup version 0.22-a0-447-gee5f723 (webtiles) character file.

4766 nikopol the Thaumaturge (level 10, -9/51 HPs)
             Began as a Deep Elf Fire Elementalist on June 3, 2018.
             Was a Follower of Vehumet.
             Mangled by a wolf (10 damage)
             ... on level 9 of the Dungeon.
             The game lasted 00:45:28 (9445 turns).

nikopol the Thaumaturge (DEFE)                      Turns: 9445, Time: 00:45:29

Health: -9/51      AC:  3    Str:  5    XL:     10   Next: 23%
Magic:  27/27      EV: 14    Int: 29    God:    Vehumet [*.....]
Gold:   463        SH:  0    Dex: 15    Spells: 16/31 levels left

rFire    . . .     SeeInvis .   A - +0 dagger (venom)
rCold    . . .     Gourm    .   (no shield)
rNeg     . . .     Faith    .   b - +0 robe
rPois    +         Spirit   .   (no helmet)
rElec    .         Reflect  .   (no cloak)
rCorr    .         Harm     .   I - +0 pair of gloves
MR       +....                  (no boots)
Stlth    +++.......             s - amulet of magic regeneration
HPRegen  0.17/turn              i - ring of poison resistance
MPRegen  0.45/turn              n - ring of wizardry

@: brilliant
A: no striking features
a: Renounce Religion


You were on level 9 of the Dungeon.
You worshipped Vehumet.
Vehumet was aware of your devotion.
You were not hungry.

You visited 2 branches of the dungeon, and saw 10 of its levels.

You collected 463 gold pieces.

Inventory:

Hand Weapons
 g - the +5 mace "Lixutes" {flame, rN++ Str-5 Int+9 Stlth+}
   (You found it on level 4 of the Dungeon)

   It has been specially enchanted to burn those struck by it, causing extra
   injury to most foes and up to half again as much damage against particularly
   susceptible opponents.
   It affects your strength (-5).
   It affects your intelligence (+9).
   It greatly protects you from negative energy.
   It makes you more stealthy.
 w - a +0 quarterstaff
 A - a +0 dagger of venom (weapon)
Armour
 a - a +0 robe
 b - a +0 robe (worn)
 I - a +0 pair of gloves (worn)
Jewellery
 i - a ring of poison resistance (left hand)
 k - an uncursed ring of protection from magic
 n - a ring of wizardry (right hand)
 s - an amulet of magic regeneration (around neck)
 t - an uncursed ring of stealth
 B - a +3 ring of intelligence
 D - an uncursed amulet of faith {unknown}
 G - an uncursed ring of wizardry
Wands
 E - a wand of flame (26)
 F - a wand of iceblast (6)
Scrolls
 f - 2 scrolls of enchant weapon
 r - 7 scrolls of identify
 v - 2 scrolls of teleportation {unknown}
 x - 2 scrolls of remove curse
 y - 2 scrolls of magic mapping {unknown}
 z - 2 scrolls of amnesia {unknown}
 C - a scroll of random uselessness {unknown}
Potions
 d - a potion of haste
 e - a potion of cancellation {unknown}
 h - 5 potions of curing
 j - 2 potions of brilliance
 l - a potion of berserk rage {unknown}
 m - 2 potions of mutation {unknown}
 o - 4 potions of might {unknown}
 p - 3 potions of agility {unknown}
 q - a potion of heal wounds {unknown}
 u - 2 potions of degeneration {unknown}
 H - 2 potions of flight {unknown}
Comestibles
 c - 10 rations


   Skills:
 + Level 0.6 Fighting
 + Level 4.2 Dodging
 + Level 5.0 Stealth
 + Level 11.2 Spellcasting
 + Level 8.2 Conjurations
 + Level 10.2 Fire Magic


You had 16 spell levels left.
You knew the following spells:

 Your Spells              Type           Power        Failure   Level  Hunger
a - Flame Tongue          Conj/Fire      #####        1%          1    None
b - Throw Flame           Conj/Fire      ######       1%          2    None
c - Conjure Flame         Conj/Fire      ######..     1%          3    None
d - Sticky Flame          Conj/Fire      ######..     1%          4    None
e - Fireball              Conj/Fire      ######....   1%          5    ###....

Your spell library contained the following spells:

 Spells                   Type           Power        Failure   Level  Hunger
 Throw Frost              Conj/Ice       ######       1%          2    None
 Freeze                   Ice            ####         1%          1    None
 Summon Ice Beast         Ice/Summ       ####....     4%          4    None
 Ozocubu's Armour         Chrm/Ice       ####....     1%          3    None
 Throw Icicle             Conj/Ice       ######..     1%          4    None
 Inner Flame              Hex/Fire       ######..     1%          3    None


Dungeon Overview and Level Annotations

Branches:
Dungeon (9/15)             Temple (1/1) D:7            Lair (0/6) D:9
    Orc: D:9-12

Altars:
Ashenzari
Cheibriados
Dithmenos
Elyvilon
Fedhas
Gozag
Kikubaaqudgha
Makhleb
Nemelex Xobeh
Okawaru
Qazlal
Ru
Sif Muna
Trog
Uskayaw
Vehumet
Wu Jian
Xom
Yredelemnul
Zin
The Shining One

Shops:
D:4 :

Annotations:
D:9 Joseph


Message History

The hell hound barely misses you. The wolf bites you. The wolf bites you.
The hell hound barely misses you. The wolf bites you!
* * * LOW HITPOINT WARNING * * *
The wolf closely misses you. The hell hound closely misses you.
The hell hound closely misses you.
Okay, then.
Okay, then.
As you read the scroll labeled GOCVOTYIGY, it crumbles to dust.
You feel as if something is helping you.
It was a scroll of remove curse.
The hell hound completely misses you. The wolf bites you!
* * * LOW HITPOINT WARNING * * *
It was a potion of brilliance.
You feel clever all of a sudden. The wolf bites you.
* * * LOW HITPOINT WARNING * * *
The hell hound barely misses you. The wolf bites you!
You die...

#...#...#.....# #....#..#####....
#...#...#.....# #....#.........##
......?.#.....###....#.........#.
..≈.⌠.@.#............#.........#.
≈≈≈...#.#......................+.
≈≈≈(.##........................#.
≈≈≈..##...@..........#.........##
≈≈≈..)#........h.....#...........
..≈...#........h@....#..#########
...≈_.#......####......##
##....#......# #......#
######......# #......# ........#
#......# ####.....# #......#
#.....# ######## #######


You could see Joseph, a hell hound and a wolf.

Vanquished Creatures
  A two-headed ogre (D:5)
  The ghost of Thaneod the Thaumaturge, a novice DEFE of Gozag (D:5)
  A yak (D:9)
  A wyvern (D:8)
  Edmund (D:5)
  An ice beast (D:7)
  3 sky beasts
  3 orc warriors
  4 ogres
  A centaur (D:5)
  A crocodile (D:5)
  2 bullfrogs (D:7)
  2 big kobolds (D:8)
  3 scorpions
  3 killer bees (D:8)
  10 wights
  3 howler monkeys
  2 crimson imps (D:8)
  A quasit (D:5)
  2 hounds
  7 orc priests
  A bullfrog skeleton (D:6)
  3 bullfrog zombies
  A jelly (D:6)
  6 orc wizards
  4 iguanas
  5 worker ants
  A hound skeleton (D:6)
  A howler monkey skeleton (D:7)
  5 adders
  4 gnolls (D:7)
  A shadow imp (D:7)
  An ufetubus (D:9)
  2 oozes
  2 adder skeletons (D:4)
  4 worms
  2 dart slugs
  7 leopard geckos
  29 orcs
  A ball python (D:5)
  7 bats
  5 giant cockroaches
  2 goblins
  5 hobgoblins
  6 jackals
  12 kobolds
  8 quokkas
  4 frilled lizards
  2 goblin skeletons (D:5)
  A goblin zombie (D:5)
  3 hobgoblin zombies (D:5)
  A jackal zombie (D:6)
  4 kobold skeletons (D:5)
  2 kobold zombies (D:5)
  A leopard gecko skeleton (D:4)
  An orc skeleton (D:5)
  2 orc zombies (D:5)
  8 rats
207 creatures vanquished.

Notes
Turn   | Place    | Note
-------+----------+-------------------------------------------
     0 | D:1      | nikopol the Deep Elf Fire Elementalist began the quest for the Orb.
     0 | D:1      | Reached XP level 1. HP: 10/10 MP: 6/6
   231 | D:1      | Reached XP level 2. HP: 15/15 MP: 2/8
   876 | D:2      | Reached XP level 3. HP: 13/19 MP: 2/9
   883 | D:2      | Learned a level 2 spell: Throw Flame
   887 | D:2      | Learned a level 3 spell: Conjure Flame
  1169 | D:2      | Reached XP level 4. HP: 24/24 MP: 5/11
  1578 | D:2      | Reached skill level 5 in Fire Magic
  1592 | D:2      | Reached skill level 4 in Spellcasting
  2552 | D:4      | Reached XP level 5. HP: 28/28 MP: 10/13
  2583 | D:4      | Noticed an ogre
  3019 | D:4      | Got an ancient mace
  3020 | D:4      | Lost strength.
  3020 | D:4      | Identified the +5 mace "Lixutes" {flame, rN++ Str-5 Int+9 Stlth+} (You found it on level 4 of the Dungeon)
  3130 | D:3      | Killed an ogre
  3130 | D:3      | Reached skill level 5 in Spellcasting
  3233 | D:4      | Learned a level 4 spell: Sticky Flame
  3377 | D:4      | Reached XP level 6. HP: 32/32 MP: 11/15
  3445 | D:4      | Found a hide-covered altar of Uskayaw.
  3528 | D:4      | Found Neuckeb's Book Emporium.
  3871 | D:4      | Learned a level 5 spell: Fireball
  4392 | D:5      | Entered Level 5 of the Dungeon
  4560 | D:5      | Noticed a two-headed ogre
  4570 | D:5      | Killed a two-headed ogre
  4570 | D:5      | Reached skill level 7 in Spellcasting
  4570 | D:5      | Reached XP level 7. HP: 21/37 MP: 11/20
  4570 | D:5      | Reached XP level 8. HP: 24/42 MP: 11/21
  4804 | D:5      | Noticed Edmund
  4822 | D:5      | Killed Edmund
  4822 | D:5      | Reached skill level 8 in Spellcasting
  5011 | D:5      | Found an iron altar of Okawaru.
  5017 | D:5      | Found a bloodstained altar of Trog.
  5017 | D:5      | Found a white marble altar of Elyvilon.
  5128 | D:5      | Found a stormy altar of Qazlal.
  5375 | D:5      | Noticed Thaneod's ghost (novice DEFE)
  5474 | D:5      | Found a glowing golden altar of the Shining One.
  5692 | D:5      | Reached skill level 5 in Conjurations
  5738 | D:5      | Killed Thaneod's ghost
  5738 | D:5      | Reached skill level 9 in Spellcasting
  5952 | D:5      | Reached XP level 9. HP: 46/46 MP: 12/24
  6559 | D:6      | Found a glowing golden altar of the Shining One.
  7046 | D:7      | Found a sparkling altar of Nemelex Xobeh.
  7046 | D:7      | Found an opulent altar of Gozag.
  7302 | D:7      | Reached skill level 10 in Spellcasting
  7356 | D:7      | Reached skill level 5 in Stealth
  7457 | D:7      | Found a staircase to the Ecumenical Temple.
  7463 | Temple   | Entered the Ecumenical Temple
  7500 | Temple   | Became a worshipper of Vehumet
  7913 | D:8      | Found a blossoming altar of Fedhas.
  7914 | D:8      | Found a burning altar of Makhleb.
  7973 | D:8      | Reached * piety under Vehumet
  7973 | D:8      | Offered knowledge of Shock by Vehumet.
  7973 | D:8      | Reached skill level 10 in Fire Magic
  7973 | D:8      | Reached XP level 10. HP: 51/51 MP: 21/26
  8107 | D:8      | HP: 1/51 [sky beast (5)]
  8941 | D:8      | Reached skill level 11 in Spellcasting
  9412 | D:9      | Found a staircase to the Lair.
  9426 | D:9      | Found an ancient bone altar of Kikubaaqudgha.
  9428 | D:9      | Noticed Joseph
  9445 | D:9      | HP: 1/51 [wolf (4)]
  9445 | D:9      | Mangled by a wolf

Vault maps used:
D:1:      eino_arrival_druids_welcome, minmay_splitting_lines,
          minmay_tiny_reverse_x
D:3:      minivault_24
D:4:      lemuel_doored_altar, first_ration,
          nicolae_ossuary_entry_false_entrances, serial_shops, shop,
          st_stairs_1, minmay_misc_feat_alley, wad_orctagon
D:5:      chequers_temple_overflow_statue_of_worship, st_stairs_13,
          nicolae_tso_besieged_by_evil, uniq_edmund
D:6:      lemuel_coloured_pillars_altar
D:7:      grunt_temple_overflow_opulence, minmay_temple_entry_enclosed_plants
D:8:      gammafunk_temple_overflow_pools
D:9:      kennysheep_little_box, kiku_gazebo_pond_becter,
          minmay_lair_entry_lava, serial_ice, serial_ice_a, serial_ice_e,
          serial_ice_n, serial_ice_b, uniq_joseph
Temple:   eino_temple_lava

Skill      XL: |  1  2  3  4  5  6  7  8  9 10 |
---------------+-------------------------------+-----
Fire Magic     | 4 5 6 8 10 | 10.2
Spellcasting   | 4 5 7 9 10 11 | 11.2
Conjurations   | 2 4 5 7 8 |  8.2
Stealth        | 3 4 5 |  5.0
Dodging        | 3 4 |  4.2
Fighting       | |  0.6

Action                   |  1- 3 |  4- 6 |  7- 9 | 10-12 || total
-------------------------+-------+-------+-------+-------++-------
Melee: Unarmed           |     1 |       |       |       ||     1
       Dagger            |       |       |    25 |     1 ||    26
       Quarterstaff      |       |       |     1 |       ||     1
 Cast: Flame Tongue      |    39 |   109 |   148 |    42 ||   338
       Throw Flame       |     1 |     7 |     8 |     3 ||    19
       Sticky Flame      |       |     3 |    17 |     8 ||    28
       Conjure Flame     |       |     1 |     6 |       ||     7
       Fireball          |       |       |    27 |     8 ||    35
  Use: Scroll            |       |     4 |     1 |     1 ||     6
       Potion            |       |       |       |     2 ||     2
 Stab: Sleeping          |       |       |     1 |       ||     1
  Eat: Chunk             |       |     8 |    12 |     2 ||    22
       Ration            |       |     1 |     1 |     1 ||     3
Armor: Robe              |     2 |     4 |     1 |       ||     7
Dodge: Dodged            |     9 |    24 |    31 |    25 ||    89

Table legend:
 A = Spawn XP
 B = Non-spawn XP
 C = Spawn XP percentage of total XP
 D = Spawn monster count
 E = Non-spawn monster count
 F = Spawn count percentage of total count
 G = Total turns spent on level
                    A         B        C        D         E        F      G
               +---------+---------+-------+---------+---------+-------+---------
         Total |       0 |    6809 |   0.0 |       0 |     207 |   0.0 |  9445
               +---------+---------+-------+---------+---------+-------+---------
           D:1 |       0 |      24 |   0.0 |       0 |      12 |   0.0 |   822
           D:2 |       0 |     127 |   0.0 |       0 |      26 |   0.0 |  1112
           D:3 |       0 |     146 |   0.0 |       0 |      12 |   0.0 |  1119
           D:4 |       0 |     289 |   0.0 |       0 |      23 |   0.0 |  1339
           D:5 |       0 |    2382 |   0.0 |       0 |      39 |   0.0 |  1633
           D:6 |       0 |     979 |   0.0 |       0 |      24 |   0.0 |   809
           D:7 |       0 |     686 |   0.0 |       0 |      18 |   0.0 |   785
           D:8 |       0 |    1848 |   0.0 |       0 |      49 |   0.0 |  1602
           D:9 |       0 |     328 |   0.0 |       0 |       4 |   0.0 |   177
               +---------+---------+-------+---------+---------+-------+---------
